AoeStats
← t-1000

African Clearing

506282828Analyzed
4v4 RM · 20d ago on Sep 13, 2026· 33m 6s· 8 players
Game mode
Random Map
Map size
Large (8 player)
Population
200
Speed
Normal
Resources
Standard
Victory
Conquest
Starting age
Dark Age
Ending age
Imperial Age
RankedLock teamsTeams togetherTeam positionsShared explorationLock speedFull tech treeHidden civsTurbo modeCheats
Victory
Defeat
🇲🇽 Huns · Mexico
1450
+14
🇦🇺 Persians · Australia
1430
+15
🇨🇳 Khmer · China
1420
+15
🇳🇿 Huns · New Zealand
1519
-20
🇲🇽 Georgians · Mexico
1510
-19
🇲🇽 Maya · Mexico
1300
-12
🇲🇽 Mongols · Mexico
1296
-12
GGboy
13:32 Feudal Age
17:08 Castle Age
15:12 Double-Bit Axe
16:33 Horse Collar
19:05 Bow Saw
19:40 Loom
20:27 Heavy Plow
22:58 Wheelbarrow
22:09 Town Watch
27:13 Stone Mining
28:05 Hand Cart
28:32 Gold Mining
29:55 Stone Shaft Mining
30:36 Gold Shaft Mining
33:30 Imperial Age
32:28 Bloodlines
32:18 Husbandry
32:56 Husbandry
33:28 Scale Barding Armor
33:33 Forging
臣等正欲死战,陛下何故先降耶?
4:14 Loom
15:20 Feudal Age
15:49 Double-Bit Axe
17:37 Stone Mining
20:28 Gold Mining
24:56 Castle Age
25:37 Pikeman
27:01 Fletching
Walmart
2:52 Loom
11:46 Feudal Age
13:18 Double-Bit Axe
16:17 Fletching
25:53 Castle Age
26:14 Crossbowman
26:56 Padded Archer Armor
31:02 Bodkin Arrow
[MLT] Vexillolgy
9:44 Loom
12:29 Feudal Age
16:42 Castle Age
17:15 Scale Barding Armor
17:00 Double-Bit Axe
22:05 Husbandry
24:15 Chain Barding Armor
25:13 Bow Saw
28:29 Bloodlines
31:25 Town Watch
32:16 Wheelbarrow
33:36 Wheelbarrow
EL MAYA
7:05 Loom
14:42 Feudal Age
18:41 Castle Age
18:31 Scale Barding Armor
18:37 Forging
22:40 Husbandry
23:32 Bloodlines
24:42 Gold Mining
25:53 Chain Barding Armor
27:07 Iron Casting
kraken
5:16 Loom
13:00 Feudal Age
29:19 Horse Collar
t-1000
9:50 Loom
14:37 Feudal Age
20:06 Castle Age
22:04 Double-Bit Axe
31:23 Fletching
31:34 Scale Mail Armor
mmmbokchoi
12:07 Loom
14:32 Feudal Age
15:32 Double-Bit Axe
18:16 Castle Age
16:00 Fishing Lines
17:17 Forging
17:09 Gold Mining
17:38 Bloodlines
18:45 Scale Barding Armor
25:20 Husbandry
26:28 Horse Collar
27:41 Wheelbarrow
26:52 Town Watch
28:41 Chain Barding Armor
28:17 Gillnets
29:36 Hand Cart
30:39 Iron Casting
30:21 Fletching
Connection lost

Rejoining the realm…

Still unreachable

The connection could not be restored.

Session expired

The server has moved on; the page needs a fresh start.